 Dungeon Crawl Stone Soup version 0.23-a0-73-g64c3ba73d4 (webtiles) character file.

144 Chiseanne the Ducker (level 5, 0/28 HPs)
             Began as a Spriggan Fighter on Aug 10, 2018.
             Succumbed to an adder's poison
             ... on level 2 of the Dungeon.
             The game lasted 00:06:06 (1420 turns).

Chiseanne the Ducker (Spriggan Fighter)             Turns: 1420, Time: 00:06:07

Health: 0/28       AC:  2    Str: 12    XL:     5   Next: 5%
Magic:  6/6        EV: 20    Int: 10    God:
Gold:   70         SH:  6    Dex: 16    Spells: 4/4 levels left

rFire    . . .     SeeInvis +   s - +0 dagger (venom)
rCold    . . .     Gourm    .   c - +0 buckler
rNeg     . . .     Faith    .   b - +0 robe
rPois    .         Spirit   .   (helmet restricted)
rElec    .         Reflect  .   (no cloak)
rCorr    .         Harm     .   (gloves unavailable)
MR       .....                  (boots unavailable)
Stlth    ++........             (no amulet)
HPRegen  0.09/turn              (no ring)
MPRegen  0.10/turn              (no ring)

@: lethally poisoned (0 -> -8), very slightly contaminated, invisible, very
quick
A: very small, unfitting armour, see invisible, herbivore, speed 3, slow
metabolism 2
a: no special abilities


You were on level 2 of the Dungeon.
You were not hungry.

You visited 1 branch of the dungeon, and saw 4 of its levels.

You collected 70 gold pieces.

Inventory:

Hand Weapons
 a - a +0 long sword
 i - a +1 dagger of venom
 s - a +0 dagger of venom (weapon)
Missiles
 e - 32 stones (quivered)
 j - 31 sling bullets
 l - 2 tomahawks
Armour
 b - a +0 robe (worn)
 c - a +0 buckler (worn)
Wands
 k - a wand of iceblast (10)
Scrolls
 g - a scroll of remove curse
 m - a scroll of immolation {unknown}
 n - a scroll of identify {unknown}
 o - a scroll of fog {unknown}
Potions
 d - a potion of might
Comestibles
 f - 2 rations


   Skills:
 * Level 3.1 Fighting
 * Level 2.1(2.6) Short Blades
 - Level 1.6(2.0) Long Blades
 * Level 5.5 Dodging
 * Level 2.2 Stealth
 * Level 2.8 Shields


You had 4 spell levels left.
You didn't know any spells.
Your spell library was empty.

Dungeon Overview and Level Annotations

Branches:
Dungeon (4/15)
 Temple: D:4-7

Altars:
Ru
Vehumet
The Shining One


Innate Abilities, Weirdness & Mutations

You are very small and have problems with some larger weapons.
You are too small for most types of armour.
You have supernaturally acute eyesight. (SInv)
You are a herbivore.
You cover ground extremely quickly.
You need to consume almost no food.


Message History

You feel sick. The adder bites you.
* * * LOW HITPOINT WARNING * * *
You are more poisoned.
The adder poisons you!
You completely miss the adder.
The adder is heavily wounded.
* * * LOW HITPOINT WARNING * * *
You feel sick. You block the adder's attack.
It was a potion of invisibility.
You fade into invisibility!
The adder misses you.
You are very lightly contaminated with residual magic.
You hit the adder.
You kill the adder!
You have reached level 5!
You feel clever.
* * * LOW HITPOINT WARNING * * *
You feel sick.
You see here an adder corpse.
You die...

##.### #...# ####...# *#...##
###.###.......
******#.###.########............
*,,,,...* #..)..).##..###..)....
*,**###.###.#####..............#
*,* *#.............#######.>.#
*,* ##.#####.####.# #.... *,*
#.* #†# #.# ##### *,* #,****#@#
#.# *,* *,,>,*#.# #.# *,*
*****,*,,,..# #.#
*,***,,,*,*,,#### #.# ***
*,,,,,,,*,*,,* *,* **,****
*****,,,*,*,,* *,* *,,,,,,
**,**,*,,*******,* **,****
*,**,,,,,,,,,,,,* *,*
*,****,,********* *,*


There were no monsters in sight!

Vanquished Creatures
  A worker ant (D:2)
  3 gnolls (D:2)
  4 adders
  A worm (D:3)
  2 leopard geckos
  6 orcs
  A bat (D:1)
  4 giant cockroaches
  7 goblins
  3 hobgoblins
  3 quokkas (D:3)
  2 frilled lizards (D:1)
  4 kobolds
  3 rats
44 creatures vanquished.

Notes
Turn   | Place    | Note
-------+----------+-------------------------------------------
     0 | D:1      | Chiseanne the Spriggan Fighter began the quest for the Orb.
     0 | D:1      | Reached XP level 1. HP: 11/11 MP: 2/2
   105 | D:1      | Found a radiant altar of Vehumet.
   133 | D:2      | Noticed a worker ant
   140 | D:2      | Killed a worker ant
   140 | D:2      | Reached skill level 1 in Short Blades
   140 | D:2      | Reached XP level 2. HP: 16/16 MP: 3/3
   140 | D:2      | Reached XP level 3. HP: 19/19 MP: 4/4
   170 | D:1      | Reached skill level 5 in Dodging
   222 | D:2      | Found a glowing golden altar of the Shining One.
   875 | D:3      | Reached skill level 1 in Stealth
   981 | D:3      | Reached XP level 4. HP: 18/23 MP: 5/5
  1399 | D:2      | Found a sacrificial altar of Ru.
  1418 | D:2      | Reached XP level 5. HP: 2/28 MP: 6/6
  1418 | D:2      | HP: 1/28 [poisoned by an adder]
  1420 | D:2      | Succumbed to an adder's poison

Vault maps used:
D:1:      erik_arrival_gehennom, hex_large, hangedman_abyss_or_decor_stabs,
          kennysheep_flooded_box
D:2:      tso_altar, kiku_gazebo_garden_becter, nicolae_ru_awakened_eye
D:3:      first_ration, uniq_crazy_yiuf_cottage
D:4:      kennysheep_little_box, old_standard_altar, kennysheep_mini_moat,
          guppyfry_early_orc_mine

Skill      XL: |  1  2  3  4 |
---------------+-------------+-----
Short Blades   | 1 2 |  2.1
Dodging        | 5 |  5.5
Stealth        | 1 2 |  2.2
Fighting       | 3 |  3.1
Long Blades    | |  1.6
Shields        | |  2.8

Action                   |  1- 3 |  4- 6 || total
-------------------------+-------+-------++-------
Melee: Dagger            |    84 |    32 ||   116
       Long sword        |     6 |       ||     6
Throw: Stone             |     6 |     2 ||     8
  Use: Scroll            |     3 |       ||     3
       Potion            |       |     1 ||     1
 Stab: Sleeping          |     2 |     2 ||     4
Armor: Robe              |     2 |     1 ||     3
Dodge: Dodged            |    50 |    12 ||    62
Block: Buckler           |    25 |     5 ||    30
       Rpst.: Long sword |     1 |       ||     1

Table legend:
 A = Non-vault XP
 B = Vault XP
 C = Vault XP percentage of total XP
 D = Non-vault monster count
 E = Vault monster count
 F = Vault count percentage of total count
 G = Total turns spent on level
                 A         B        C        D         E       F
            +---------+---------+-------+---------+---------+-------
      Total |     203 |       4 |   1.9 |      41 |       3 |   6.8
            +---------+---------+-------+---------+---------+-------
        D:1 |      11 |       4 |  26.7 |       7 |       3 |  30.0
        D:2 |     125 |       0 |   0.0 |      10 |       0 |   0.0
        D:3 |      64 |       0 |   0.0 |      23 |       0 |   0.0
        D:4 |       3 |       0 |   0.0 |       1 |       0 |   0.0
            +---------+---------+-------+---------+---------+-------
